 Dungeon Crawl Stone Soup version 0.29.1-15-g9cfb28693d (webtiles) character file.

Game seed: 10225373583405359413

71437 joshua the Severer (level 14, -8/133 HPs)
             Began as a Minotaur Fighter on Mar 24, 2023.
             Was a High Priest of Okawaru.
             Mangled by Rupert
             ... wielding a +1 great mace of protection
              (26 damage)
             ... on level 13 of the Dungeon.
             The game lasted 03:00:43 (18197 turns).

joshua the Severer (Minotaur Fighter)              Turns: 18197, Time: 03:00:43

Health: -8/133     AC: 22    Str: 36    XL:     14   Next: 97%
Magic:  14/21      EV: 17    Int:  5    God:    Okawaru [*****.]
Gold:   2500       SH: 15    Dex: 16    Spells: 13/13 levels left

rFire   + . .      SeeInvis .   m - +6 war axe of Articulation {holy, rF+ rN++ Str+4}
rCold   . . .      Faith    .   Q - +0 kite shield
rNeg    + + +      Spirit   .   y - +5 scale mail "Filehept" {rPois rN+ Str+3}
rPois   +          Reflect  .   f - +2 hat
rElec   .          Harm     .   D - +2 cloak {Will+}
rCorr   .          Rampage  .   (no gloves)
Will    +++..                   (no boots)
Stlth   ++........              Z - amulet of regeneration
HPRegen 1.12/turn               Y - +4 ring of evasion
MPRegen 0.17/turn               F - ring of Zin's Outrage {Str+3 Dex+6}

@: heroic, finesse-ful
A: horns 2, retaliatory headbutt, strong-willed 1, wild magic 1
a: Renounce Religion, Heroism, Finesse, Duel


You were on level 13 of the Dungeon.
You worshipped Okawaru.
Okawaru was extremely pleased with you.
You visited 4 branches of the dungeon, and saw 21 of its levels.
You also visited: Bailey.

You collected 3025 gold pieces.
You spent 525 gold pieces at shops.

Inventory:

Hand Weapons
 m - the +6 war axe of Articulation (weapon) {holy, rF+ rN++ Str+4}
   (You found it on level 12 of the Dungeon)

   It has been blessed by the Shining One to cause great damage to the undead
   and demons.
   Str:       It affects your strength (+4).
   rF:        It protects you from fire.
   rN:        It greatly protects you from negative energy.
 C - a +1 scimitar of flaming
 E - a +6 hand axe of freezing
 I - the +8 spear "Goblinbane" {flame, *Rage rC+ Int+6}
   (Okawaru gifted it to you on level 1 of the Orcish Mines)

   It burns those it strikes, dealing additional fire damage.
   Int:       It affects your intelligence (+6).
   rC:        It protects you from cold.
   *Rage:     It berserks you when you make melee attacks (+20% chance).
 P - a +1 flail of holy wrath
Missiles
 r - 20 boomerangs (quivered)
Armour
 a - a +4 scale mail of cold resistance
 f - a +2 hat (worn)
 n - the +6 scale mail of the Boiling Point {rPois Int+3}
   (You found it on level 2 of the Dungeon)

   Int:       It affects your intelligence (+3).
   rPois:     It protects you from poison.
 y - the +5 scale mail "Filehept" (worn) {rPois rN+ Str+3}
   (You took it off an orc on level 6 of the Dungeon)

   Str:       It affects your strength (+3).
   rPois:     It protects you from poison.
   rN:        It protects you from negative energy.
 A - a +2 pair of gloves of stealth
 D - a +2 cloak of willpower (worn)
 Q - a +0 kite shield (worn)
 W - the +0 chain mail of Meafyjes {rElec rPois rN+ Regen+}
   (Okawaru gifted it to you on level 2 of the Lair of Beasts)

   rElec:     It insulates you from electricity.
   rPois:     It protects you from poison.
   rN:        It protects you from negative energy.
   Regen:     It increases your rate of health regeneration.
Jewellery
 b - an amulet of the acrobat
 k - a +6 ring of dexterity
 o - a ring of flight
 p - a ring of protection from fire
 w - a ring of resist corrosion
 F - the ring of Zin's Outrage (right hand) {Str+3 Dex+6}
   (You found it on level 4 of the Dungeon)

   [ring of dexterity]

   Str:       It affects your strength (+3).
   Dex:       It affects your dexterity (+6).
 G - a +6 ring of dexterity
 O - an amulet of guardian spirit
 T - a ring of protection from cold
 Y - a +4 ring of evasion (left hand)
 Z - an amulet of regeneration (around neck)
Wands
 c - a wand of digging (1)
 l - a wand of roots (12)
 u - a wand of flame (26)
 J - a wand of quicksilver (13)
 S - a wand of mindburst (9)
Scrolls
 e - 11 scrolls of teleportation
 t - 4 scrolls of blinking
 H - 2 scrolls of magic mapping
 K - 6 scrolls of identify
 M - 2 scrolls of enchant weapon
 R - 4 scrolls of amnesia
 V - 7 scrolls of fear
 X - a scroll of summoning
Potions
 d - a potion of might
 g - 5 potions of brilliance
 h - 6 potions of heal wounds
 i - 2 potions of magic
 j - 2 potions of invisibility
 q - 3 potions of attraction
 s - 10 potions of curing
 v - 8 potions of mutation
 x - 4 potions of cancellation
 z - 4 potions of flight
 B - 2 potions of ambrosia
 L - 2 potions of resistance
 N - 5 potions of lignification
 U - 2 potions of haste {unknown}


   Skills:
 * Level 14.4(19.4) Fighting
 - Level 15.2(21.0) Axes
 - Level 7.9(17.6) Polearms
 - Level 14.3(19.3) Armour
 * Level 0.8(5.8) Dodging
 - Level 14.3(19.3) Shields
 - Level 11.1 Invocations


You had 13 spell levels left.
You didn't know any spells.
Your spell library contained the following spells:

 Spells                   Type           Power      Damage    Failure   Level
 Foxfire                  Conj/Fire      0%         2x1d4     80%         1
 Necrotise                Necr           0%         1d4       80%         1
 Shock                    Conj/Air       0%         1d3       80%         1
 Passwall                 Tmut/Erth      0%         N/A       90%         2
 Conjure Flame            Conj/Fire      0%         6-21      98%         3
 Inner Flame              Hex/Fire       0%         N/A       98%         3
 Stone Arrow              Conj/Erth      0%         3d7       98%         3
 Swiftness                Air            0%         N/A       98%         3
 Airstrike                Air            0%         2d(0-16)  100%        4
 Cause Fear               Hex            0%         N/A       100%        4
 Flame Wave               Conj/Fire      0%         2d4       100%        4
 Fulminant Prism          Conj/Hex       0%         3d6       100%        4
 Hailstorm                Conj/Ice       0%         3d3       100%        4
 Ice Form                 Ice/Tmut       0%         N/A       100%        4
 Iskenderun's Mystic Bla  Conj/Tloc      0%         2d3       100%        4
 Lee's Rapid Deconstruct  Erth           0%         3d5*      100%        5
 Silence                  Hex/Air        0%         N/A       100%        5
 Discord                  Hex            0%         N/A       100%        8
 Shatter                  Erth           0%         3d5*      100%        9
 Simulacrum               Ice/Necr       Unusable   N/A       N/A         6

Dungeon Overview and Level Annotations

Branches:
Dungeon (13/15)            Temple (0/1) D:6            Lair (5/5) D:10
  Swamp (0/4) Lair:3        Snake (0/4) Lair:3        Slime (0/5) Lair:4
    Orc (2/2) D:9             Elf (1/3) Orc:2        Bailey (visited)
 Vaults: D:13-14

Altars:
Ashenzari
Dithmenos
Elyvilon
Hepliaklqana
Kikubaaqudgha
Nemelex Xobeh
Okawaru
Qazlal
Ru
Sif Muna
Trog
Vehumet
Wu Jian
Xom
Yredelemnul
Zin
Jiyva

Shops:
D:9 (   D:11 (*   Orc:2 :*!*

Annotations:
D:13 Rupert


Innate Abilities, Weirdness & Mutations

You have a pair of horns on your head.
You reflexively headbutt those who attack you in melee.
You are strong-willed. (Will+)
Your spells are a little harder to cast, but a little more powerful.


Message History

The red ugly thing headbutts you but does no damage.
You closely miss the red ugly thing. You headbutt the red ugly thing!
The red ugly thing is severely wounded.
The red ugly thing misses you.
You slice the red ugly thing!!
You kill the red ugly thing!
Okawaru accepts your kill.
You slice Rupert!!
Rupert is lightly wounded.
Rupert hits you with a +1 great mace of protection.
You slash Rupert!
Rupert is lightly wounded.
Rupert hits you with a +1 great mace of protection!
You closely miss Rupert. You headbutt Rupert.
Rupert is lightly wounded.
You block Rupert's attack.
You barely miss Rupert. You headbutt Rupert!
Rupert is moderately wounded.
Rupert hits you with a +1 great mace of protection!!
Rupert hits you with a +1 great mace of protection!
You slice Rupert!! Your headbutt misses Rupert.
Rupert is moderately wounded.
You block Rupert's attack.
You barely miss Rupert.
Rupert is moderately wounded.
You block Rupert's attack.
You barely miss Rupert. Your headbutt misses Rupert.
Rupert is moderately wounded.
Rupert hits you with a +1 great mace of protection!!
You can now deal lightning-fast blows.
Rupert hits you with a +1 great mace of protection!
Rupert hits you with a +1 great mace of protection!!
* * * LOW HITPOINT WARNING * * *
You gain the combat prowess of a mighty hero.
Rupert hits you with a +1 great mace of protection!
* * * LOW HITPOINT WARNING * * *
You slice Rupert!! Your headbutt misses Rupert.
Rupert is heavily wounded.
Rupert hits you with a +1 great mace of protection!!
You die...

.............>....#
######.#.##.......
#..#.##..##..#
#....##......#
####'####.##...
#.......#...... #
#.⌠...⌠.#......
#.####.......#......
#.@@.'...⌠...+.....#
......####.......#......
....# #.⌠...⌠.#......
... #.......#....?. .
####+####.....# #....).#
#..).... #.......
#.)))...


You could see Rupert (berserk).

Vanquished Creatures
  Azrael (Elf:1)
  Fannar (D:11)
  7 hydras
  Harold (Orc:1)
  4 boulder beetles
  5 two-headed ogres
  2 centaur warriors
  3 catoblepae
  Erica (Lair:2)
  15 death yaks
  Urug (Arena)
  Nergalle (Lair:2)
  A deep elf archer (Elf:1)
  The ghost of cowcol the Cleaver, a novice MiFi of Okawaru (D:7)
  4 orc knights
  5 deep elf zephyrmancers
  2 ugly things
  2 manticores (Lair:5)
  4 cyclopes
  5 black mambas
  A torpor snail (Lair:5)
  11 elephants
  A gargoyle (D:12)
  4 kobold demonologists (D:12)
  An unseen horror (D:12)
  15 cane toads
  3 rime drakes
  4 komodo dragons
  7 trolls
  12 blink frogs
  3 wyverns
  A vampire (D:11)
  52 yaks
  4 basilisks
  3 wraiths
  2 fire elementals
  2 steam dragons (D:9)
  3 vampire mosquitoes (D:11)
  5 wargs
  3 acid dragons
  11 water moccasins
  3 hell hounds (Elf:1)
  39 orc warriors
  An ice beast (D:7)
  3 sky beasts
  4 black bears
  7 ogres
  4 wolves (Lair:2)
  2 phantoms
  13 centaurs
  A kobold brigand (D:9)
  9 bullfrogs
  2 necrophages
  3 scorpions
  6 wights
  15 killer bees
  6 howler monkeys
  2 hounds
  2 jellies
  13 orc priests
  A gnoll bouda (D:5)
  13 orc wizards
  8 gnolls
  8 adders
  A shadow imp (D:6)
  3 white imps
  2 ufetubi
  3 worms
  3 dart slugs
  80 orcs
  34 bats
  4 endoplasms
  3 giant cockroaches
  12 goblins
  7 hobgoblins
  4 jackals
  16 kobolds
  2 quokkas
  6 ball pythons
  2 frilled lizards (D:1)
  4 rats
565 creatures vanquished.

Vanquished Creatures (others)
  26 fungi
  20 plants
46 creatures vanquished.

Grand Total: 611 creatures vanquished

Notes
Turn   | Place    | Note
-------+----------+-------------------------------------------
     0 | D:1      | joshua the Minotaur Fighter began the quest for the Orb.
     0 | D:1      | Reached XP level 1. HP: 19/19 MP: 0/0
   224 | D:1      | Reached XP level 2. HP: 26/27 MP: 1/1
   893 | D:1      | Reached skill level 3 in Axes
   893 | D:1      | Reached XP level 3. HP: 33/33 MP: 2/2
   906 | D:2      | Identified the +6 scale mail of the Boiling Point {rPois
                  | Int+3}
  1175 | D:2      | Found a faded altar of an unknown god.
  1425 | D:2      | Reached XP level 4. HP: 32/41 MP: 3/3
  1584 | D:3      | Found an iron altar of Okawaru.
  1584 | D:3      | Found a white marble altar of Elyvilon.
  1600 | D:3      | Became a worshipper of Warmaster Okawaru
  2195 | D:3      | Reached XP level 5. HP: 21/47 MP: 4/4
  2676 | D:4      | Identified the ring of Zin's Outrage {Str+3 Dex+6}
  2698 | D:4      | Found an ornate altar of the Wu Jian Council.
  3162 | D:4      | Found a bloodstained altar of Trog.
  3173 | D:4      | Reached skill level 4 in Axes
  3180 | D:4      | Reached skill level 5 in Fighting
  3180 | D:4      | Reached skill level 5 in Armour
  3180 | D:4      | Reached skill level 5 in Shields
  3196 | D:4      | Found a large runed translucent door.
  3196 | D:4      | Found a large runed translucent door.
  3197 | D:4      | Found a shimmering altar of Xom.
  3420 | D:5      | Entered Level 5 of the Dungeon
  3428 | D:5      | Noticed an ogre
  3429 | D:5      | Noticed a black bear
  3442 | D:4      | Killed an ogre
  3442 | D:4      | Reached * piety under Okawaru
  3443 | D:4      | Reached XP level 6. HP: 56/56 MP: 5/5
  3519 | D:5      | Reached XP level 7. HP: 49/62 MP: 6/6
  3625 | D:5      | Reached skill level 5 in Axes
  4048 | D:5      | Reached ** piety under Okawaru
  4423 | D:6      | Identified a scroll of acquirement
  4423 | D:6      | Acquired 995 gold pieces
  4814 | D:6      | Reached XP level 8. HP: 47/71 MP: 7/7
  4826 | D:6      | Reached skill level 6 in Axes
  4938 | D:6      | Found a glowing silver altar of Zin.
  4939 | D:6      | Noticed an angel
  4967 | D:6      | Found a staircase to the Ecumenical Temple.
  5006 | D:6      | Found a shimmering altar of Xom.
  5015 | D:6      | Identified the +5 scale mail "Filehept" {rPois rN+ Str+3}
  5229 | D:6      | Gained mutation: You occasionally lose the ability to drink
                  | potions when taking damage. [potion of mutation]
  5229 | D:6      | Gained mutation: You have large cloven feet. [potion of
                  | mutation]
  5282 | D:7      | Reached *** piety under Okawaru
  5306 | D:7      | Reached skill level 7 in Axes
  5496 | D:7      | Reached XP level 9. HP: 81/81 MP: 8/8
  5534 | D:7      | Reached **** piety under Okawaru
  5745 | D:7      | Identified the +6 whip of Edace {spect, rPois rF- rC+++
                  | Dex-4}
  5835 | D:7      | Reached skill level 8 in Axes
  6026 | D:7      | You fall into a shaft and drop 1 floor!
  6251 | D:7      | Found a runed translucent door.
  6251 | D:7      | Noticed cowcol's ghost (novice MiFi)
  6393 | D:7      | Killed cowcol's ghost
  6658 | D:8      | Found a sparkling altar of Nemelex Xobeh.
  6661 | D:8      | Found a sacrificial altar of Ru.
  6664 | D:8      | Found a stormy altar of Qazlal.
  6667 | D:8      | Found a broken altar of Ashenzari.
  6948 | D:8      | Found a transporter.
  6954 | D:8      | Found a transporter.
  7243 | D:9      | Reached skill level 9 in Axes
  7243 | D:9      | Reached XP level 10. HP: 91/91 MP: 9/9
  7281 | D:9      | Noticed a two-headed ogre
  7313 | D:9      | Killed a two-headed ogre
  7313 | D:9      | Reached ***** piety under Okawaru
  7415 | D:9      | Found a basalt altar of Yredelemnul.
  7451 | D:9      | Found a shadowy altar of Dithmenos.
  7453 | D:9      | Found a hazy altar of Hepliaklqana.
  7520 | D:9      | Reached skill level 1 in Invocations
  7615 | D:9      | Found Jewyruod's Weapon Shop.
  7629 | D:9      | Bought a +5 hand axe of freezing for 324 gold pieces
  7907 | D:9      | Reached skill level 5 in Invocations
  7963 | D:9      | Found a staircase to the Orcish Mines.
  7978 | Orc:1    | Entered Level 1 of the Orcish Mines
  7986 | Orc:1    | Received a gift from Okawaru
  8048 | D:10     | Entered Level 10 of the Dungeon
  8081 | D:10     | Found a flagged portal.
  8098 | Bailey   | Entered a bailey
  8230 | Bailey   | Found a large runed translucent door.
  8230 | Bailey   | Found a large runed translucent door.
  8231 | Bailey   | Noticed a deep elf zephyrmancer
  8231 | Bailey   | Noticed an orc knight
  8272 | Bailey   | Killed an orc knight
  8273 | Bailey   | Reached skill level 10 in Fighting
  8273 | Bailey   | Reached skill level 10 in Armour
  8278 | Bailey   | Reached skill level 10 in Shields
  8473 | Bailey   | Killed a deep elf zephyrmancer
  8474 | Bailey   | Reached XP level 11. HP: 75/99 MP: 6/14
  8530 | Bailey   | Got Sif Muna's Handbook of Lightning and Beguiling
  8629 | D:10     | Got Dispater's Book of the Lithosphere
  8700 | D:10     | Noticed a two-headed ogre
  8720 | D:10     | Killed a two-headed ogre
  8809 | D:10     | Identified the +0 trident "Diveises" {venom, Stlth+}
  8953 | D:10     | Found a staircase to the Lair.
  8958 | D:10     | Reached skill level 10 in Axes
  9150 | D:10     | Found a radiant altar of Vehumet.
  9152 | D:10     | Found a shimmering blue altar of Sif Muna.
  9152 | D:10     | Found an ancient bone altar of Kikubaaqudgha.
  9157 | D:10     | Got Kikubaaqudgha's Lectures on Unhallowed Liturgies
  9415 | D:11     | Noticed Fannar
  9415 | D:11     | Noticed Urug
  9415 | D:11     | Noticed an eight-headed hydra
  9504 | Lair:1   | Entered Level 1 of the Lair of Beasts
  9543 | Lair:1   | Noticed a seven-headed hydra
  9561 | Lair:1   | Killed a seven-headed hydra
  9838 | Lair:1   | Reached skill level 11 in Axes
 10496 | Lair:2   | Noticed a five-headed hydra
 10507 | Lair:2   | Killed a five-headed hydra
 10508 | Lair:2   | Reached skill level 12 in Axes
 10558 | Lair:2   | Noticed Erica
 10570 | Lair:2   | Killed Erica
 10604 | Lair:2   | Noticed a four-headed hydra
 10612 | Lair:2   | Killed a two-headed hydra
 10613 | Lair:2   | Reached skill level 13 in Axes
 10943 | Lair:2   | Identified the +0 chain mail of Meafyjes {rElec rPois rN+
                  | Regen+} (Okawaru gifted it to you on level 2 of the Lair of
                  | Beasts)
 10943 | Lair:2   | Received a gift from Okawaru
 10990 | Lair:2   | Noticed Nergalle
 11006 | Lair:2   | Killed Nergalle
 11007 | Lair:2   | Reached XP level 12. HP: 108/108 MP: 16/16
 11140 | Lair:2   | Reached skill level 14 in Axes
 11215 | Lair:3   | Found a staircase to the Swamp.
 11371 | Lair:3   | Found a staircase to the Snake Pit.
 11448 | Lair:3   | Noticed a boulder beetle
 11462 | Lair:3   | Killed a boulder beetle
 11497 | Lair:3   | Noticed a five-headed hydra
 11506 | Lair:3   | Killed a one-headed hydra
 12194 | Lair:4   | Found a staircase to the Slime Pits.
 12194 | Lair:4   | Found a viscous altar of Jiyva.
 12220 | Lair:4   | Reached ****** piety under Okawaru
 12582 | Lair:4   | Noticed a six-headed hydra
 12593 | Lair:4   | Killed a two-headed hydra
 12836 | Lair:5   | Entered Level 5 of the Lair of Beasts
 12842 | Lair:5   | Reached XP level 13. HP: 108/119 MP: 18/18
 12929 | Lair:4   | Received a gift from Okawaru
 13470 | Lair:5   | Reached skill level 10 in Invocations
 13745 | Lair:4   | Received a gift from Okawaru
 13928 | Arena    | Entered the Arena
 14108 | Lair:5   | Reached XP level 14. HP: 125/129 MP: 21/21
 15039 | Orc:1    | Noticed Harold
 15065 | Orc:1    | Killed Harold
 15198 | Orc:1    | Identified the +8 spear "Goblinbane" {flame, *Rage rC+
                  | Int+6} (Okawaru gifted it to you on level 1 of the Orcish
                  | Mines)
 15198 | Orc:1    | Received a gift from Okawaru
 15286 | Orc:2    | Entered Level 2 of the Orcish Mines
 15286 | Orc:2    | Found a staircase to the Elven Halls.
 15307 | Orc:2    | Reached skill level 1 in Polearms
 15632 | Arena    | Entered the Arena
 15921 | Orc:2    | Found Hyerurory's Distillery.
 15921 | Orc:2    | Found Awon's General Store.
 15923 | Orc:2    | Found Emoetwaale's Book Boutique.
 15925 | Orc:2    | Found Qubeoc Vuokh's General Store.
 15941 | Orc:2    | Bought a potion of mutation for 104 gold pieces
 16171 | Elf:1    | Entered Level 1 of the Elven Halls
 16215 | Elf:1    | Noticed Azrael
 16240 | Elf:1    | Received a gift from Okawaru
 16245 | Elf:1    | Killed Azrael
 16422 | Orc:2    | Lost mutation: You have large cloven feet. [potion of
                  | mutation]
 16422 | Orc:2    | Lost mutation: You occasionally lose the ability to drink
                  | potions when taking damage. [potion of mutation]
 16422 | Orc:2    | Gained mutation: Your spells are a little harder to cast,
                  | but a little more powerful. [potion of mutation]
 16422 | Orc:2    | Gained mutation: You are strong-willed. (Will+) [potion of
                  | mutation]
 16429 | Orc:1    | Found a radiant altar of Vehumet.
 16900 | D:11     | Found Wockaosch's Antique Weapon Emporium.
 16901 | D:11     | Found Icolabul's General Store.
 16924 | Arena    | Entered the Arena
 16935 | Arena    | Killed Urug
 16936 | Arena    | Reached skill level 5 in Polearms
 16992 | D:11     | Bought a scroll of enchant armour for 97 gold pieces
 17210 | D:11     | Killed Fannar
 17352 | D:12     | Identified the +6 war axe of Articulation {holy, rF+ rN++
                  | Str+4}
 17993 | D:12     | Reached skill level 15 in Axes
 18000 | D:12     | Received a gift from Okawaru
 18177 | D:13     | Noticed Rupert
 18197 | D:13     | Mangled by Rupert

Illustrated notes

Levels and vault maps discovered:
D:1:      dpeg_arrival_pits, layout_basic
D:2:      layout_rooms, basic_ecumenical_altar, minmay_tromino_v4_c
D:3:      layout_basic, chequers_temple_overflow_statue_of_worship
D:4:      due_chaos_kobolds, layout_cave_pools, mainiacjoe_overflow_24_doors,
          kennysheep_mini_moat, serial_glass, glass_columns_a, glass_columns_a,
          dreamdust_mushroom_princess, minmay_box_of_dots
D:5:      layout_basic
D:6:      layout_basic, zin_angel, lemuel_doored_altar,
          minmay_temple_entry_mist, chequers_serial_rivers_marsh
D:7:      layout_rooms, serial_rivers, chequers_serial_rivers_large_b,
          chequers_serial_rivers_marsh, chequers_serial_rivers_micro_a,
          chequers_serial_rivers_small_b, hellmonk_ghost_happy_afterlife
D:8:      layout_gridville, grunt_temple_overflow_cloverleaf,
          nicolae_diode_stairs
D:9:      layout_cave_pools, riverfiend_overflow_shadow_ancestor,
          mainiacjoe_overflow_six_doors_small, david_orc_4, serial_shops,
          nicolae_shop_waterfront, patterned_corridor
D:10:     layout_long_grid, grunt_temple_overflow_magic_moments,
          grunt_lair_entry_orc_guard_hut, enter_bailey_5
D:11:     layout_basic, nicolae_wooded_promenade,
          minmay_fractal_squares_gapless_5, uniq_fannar, uniq_urug
D:12:     layout_rooms, kennysheep_generic_room_14
D:13:     layout_basic, minmay_fountain_box, uniq_lodul, uniq_rupert
Lair:1:   layout_gridlike
Lair:2:   layout_regular_city, uniq_nergalle, uniq_erica
Lair:3:   layout_roguey, swamp_mist, dummy_snake_entry,
          small_statue_intersection
Lair:4:   layout_roguey, slime_entry_1, st_stairs_12, serial_bayou_shore_b,
          lemuel_fruit_tree, infiniplex_staircase_pool
Lair:5:   evilmike_catoblepas_cave, layout_hall_layers,
          chequers_serial_rivers_micro_b, minivault_19
Orc:1:    layout_caves, basic_altar, nicolae_orc_stony_grotto, nooodl_orcs_dogs,
          uniq_harold
Orc:2:    st_orc_rangers, layout_diamond_mine, mines_bat_river
Elf:1:    minmay_elf_arrival_circle, layout_onion_city, mu_enter_wizlab_6,
          uniq_azrael

Skill      XL: |  1  2  3  4  5  6  7  8  9 10 11 12 13 14 |
---------------+-------------------------------------------+-----
Armour         | 4 5 6 7 9 10 12 13 14 | 14.3
Fighting       | 4 5 6 7 9 10 12 13 14 | 14.4
Shields        | 4 5 6 7 9 10 12 13 14 | 14.3
Axes           | 3 4 5 7 9 13 14 15 | 15.2
Invocations    | 6 8 11 | 11.1
Polearms       | 7 |  7.9
Dodging        | |  0.8

Action                   |  1- 3 |  4- 6 |  7- 9 | 10-12 | 13-15 || total
-------------------------+-------+-------+-------+-------+-------++-------
Melee: War axe           |    61 |   113 |   213 |    45 |    48 ||   480
       Headbutt          |     5 |    17 |    47 |   129 |   202 ||   400
       Kick              |       |       |    39 |   193 |   205 ||   437
       Hand axe          |       |       |       |   400 |   466 ||   866
       Flail             |       |       |       |    14 |       ||    14
       Scimitar          |       |       |       |    23 |     9 ||    32
       Broad axe         |       |       |       |       |    93 ||    93
       Spear             |       |       |       |       |   117 ||   117
Throw: Boomerang         |     5 |     5 |     7 |    30 |    17 ||    64
Invok: Heroism           |       |       |     1 |     3 |     6 ||    10
       Finesse           |       |       |       |     3 |     6 ||     9
       Duel              |       |       |       |       |     3 ||     3
  Use: Scroll            |       |       |    16 |    12 |     3 ||    31
       Potion            |       |       |     1 |       |     1 ||     2
Armor: Scale mail        |    34 |    64 |   114 |   191 |   293 ||   696
Dodge: Dodged            |    31 |    63 |    63 |   121 |   205 ||   483
Block: Buckler           |    21 |    42 |    15 |       |       ||    78
       Kite shield       |       |       |   109 |   295 |   507 ||   911
